 Dungeon Crawl Stone Soup version 0.30-a0-394-g3e4acdb0ae (webtiles) character file.

Game seed: 2703731888604492125

64 funkygono the Firebug (level 3, -5/24 HPs)
             Began as a Demonspawn Fire Elementalist on Dec 6, 2022.
             Slain by Terence
             ... wielding a +0 flail
              (8 damage)
             ... on level 2 of the Dungeon.
             The game lasted 00:04:24 (1617 turns).

funkygono the Firebug (DsFE)                        Turns: 1617, Time: 00:04:24

Health: -5/24      AC:  2    Str:  8    XL:     3   Next: 91%
Magic:  0/7        EV: 12    Int: 18    God:
Gold:   68         SH:  5    Dex: 13    Spells: 2/8 levels left

rFire   . . .      SeeInvis .    g - +0 mace
rCold   . . .      Faith    .    (no shield)
rNeg    . . .      Spirit   .    a - +0 robe
rPois   .          Reflect  +    (no helmet)
rElec   .          Harm     .    (no cloak)
rCorr   .          Rampage  .    (no gloves)
Will    .....                    (no boots)
Stlth   ++........               i - amulet of reflection
HPRegen 0.24/turn                (no ring)
MPRegen 0.10/turn                (no ring)

@: no status effects
A: powered by death 1, weakness stinger 1
a: no special abilities


You were on level 2 of the Dungeon.
You visited 1 branch of the dungeon, and saw 2 of its levels.

You collected 68 gold pieces.

Inventory:

Hand Weapons
 g - a +0 mace (weapon)
 k - a +0 whip
Armour
 a - a +0 robe (worn)
Jewellery
 i - an amulet of reflection (around neck)
 l - an amulet of guardian spirit
Scrolls
 c - a scroll of silence {unknown}
 e - a scroll of identify {unknown}
Potions
 b - 2 potions of magic
 d - a potion of invisibility {unknown}
 f - a potion of degeneration {unknown}
 h - a potion of flight {unknown}
 j - a potion of curing {unknown}
 m - a potion of brilliance {unknown}


   Skills:
 + Level 0.2 Fighting
 + Level 0.1 Maces & Flails
 + Level 2.1 Dodging
 - Level 1.7 Stealth
 + Level 3.0 Spellcasting
 + Level 1.6 Conjurations
 + Level 3.2 Fire Magic


You had 2 spell levels left.
You knew the following spells:

 Your Spells              Type           Power      Damage    Failure   Level
a - Foxfire               Conj/Fire      44%        2x1d6     6%          1
b - Scorch                Fire           28%        2d6       6%          2
c - Kindle Blastsparks    Fire/Tloc/Air  12%        2d11      32%         3

Your spell library contained the following spells:

 Spells                   Type           Power      Damage    Failure   Level
 Inner Flame              Hex/Fire       8%         N/A       26%         3
 Stone Arrow              Conj/Erth      10%        3d7       34%         3
 Flame Wave               Conj/Fire      11%        2d6       52%         4
 Animate Armour           Summ/Erth      4%         N/A       85%         4
 Irradiate                Conj/Tmut      2%         3d12      97%         5
 Blade Hands              Tmut           1%         N/A       99%         5
 Dragon Form              Tmut           1%         N/A       100%        7
 Lehudib's Crystal Spear  Conj/Erth      2%         10d2      100%        8


Dungeon Overview and Level Annotations

Branches:
Dungeon (2/15)

Altars:

Annotations:
D:2 1 runed translucent door, Crazy Yiuf, Terence


Innate Abilities, Weirdness & Mutations

You regenerate a little health from kills.
You have a small tail.


Message History

Confirm with . or Enter, or press ? or * to list all spells.
You conjure some foxfire!
The foxfire hits Terence but does no damage.
Terence is heavily wounded.
The foxfire hits Terence but does no damage.
Terence is heavily wounded.
Casting: Foxfire (safe; 6% risk of failure)
Confirm with . or Enter, or press ? or * to list all spells.
You conjure some foxfire!
The foxfire hits Terence but does no damage.
Terence is heavily wounded.
The foxfire hits Terence but does no damage.
Terence is heavily wounded.
You barely miss Terence.
Terence is heavily wounded.
The foxfire hits Terence but does no damage.
Terence is heavily wounded.
Unknown command.
You barely miss Terence.
Terence is heavily wounded.
Terence closely misses you.
You barely miss Terence.
Terence is heavily wounded.
Terence drinks a potion.
Terence seems to grow stronger.
Terence closely misses you.
Casting: Foxfire (safe; 6% risk of failure)
Confirm with . or Enter, or press ? or * to list all spells.
You conjure some foxfire!
Terence hits you with a +0 flail!
Ouch! That really hurt!
* * * LOW HITPOINT WARNING * * *
Unknown command.
Terence attacks as you move away! Terence closely misses you.
The foxfire hits Terence.
Terence is almost dead.
The foxfire hits Terence.
Terence is almost dead.
Terence attacks as you move away! Terence hits you with a +0 flail.
* * * LOW HITPOINT WARNING * * *
Terence attacks as you move away! Terence hits you with a +0 flail!
You die...

######## #......#
.#####......###############
.........@@(...............
.#####......###############
#......##.............
#########.####........ #.#
#........ #### #####.#
##..####. .....#.....#
#....# #. #..#.#.#####
#....# #. ....#...###
##...# #.


You could see Terence (strong).

Vanquished Creatures
  2 adders (D:2)
  A worm (D:2)
  4 bats
  6 endoplasms (D:1)
  A giant cockroach (D:1)
  4 goblins (D:1)
  5 hobgoblins (D:1)
  4 jackals (D:1)
  A kobold (D:1)
  2 quokkas (D:1)
  5 ball pythons (D:1)
  2 rats (D:1)
37 creatures vanquished.

Vanquished Creatures (others)
  120 foxfires
120 creatures vanquished.

Grand Total: 157 creatures vanquished

Notes
Turn   | Place    | Note
-------+----------+-------------------------------------------
     0 | D:1      | funkygono the Demonspawn Fire Elementalist began the quest
                  | for the Orb.
     0 | D:1      | Reached XP level 1. HP: 13/13 MP: 3/3
   343 | D:1      | Gained mutation: You regenerate a little health from kills.
                  | [demonic ancestry]
   343 | D:1      | Reached XP level 2. HP: 19/19 MP: 1/5
   912 | D:1      | Gained mutation: You have a small tail. [demonic ancestry]
   912 | D:1      | Reached XP level 3. HP: 24/24 MP: 2/6
   915 | D:1      | Learned a level 2 spell: Scorch
   956 | D:1      | Found a faded altar of an unknown god.
  1253 | D:1      | Learned a level 3 spell: Kindle Blastsparks
  1510 | D:2      | Found a runed translucent door.
  1511 | D:2      | Noticed Crazy Yiuf
  1602 | D:2      | Noticed Terence
  1617 | D:2      | Slain by Terence

Illustrated notes

Levels and vault maps discovered:
D:1:      minmay_arrival_semitransparent, layout_basic,
          hellmonk_ecumenical_altar_blasted
D:2:      layout_basic, uniq_crazy_yiuf_cottage, uniq_terence

Skill      XL: |  1  2  3 |
---------------+----------+-----
Dodging        | 2 |  2.1
Fire Magic     | 3 |  3.2
Spellcasting   | 3 |  3.0
Fighting       | |  0.2
Maces & Flails | |  0.1
Stealth        | |  1.7
Conjurations   | |  1.6

Action                   || total
-------------------------++-------
Melee: Mace              ||     8
       Unarmed           ||     2
 Cast: Foxfire           ||    73
       Scorch            ||     2
Armor: Robe              ||    10
Dodge: Dodged            ||    48
Block: Other             ||     1

Table legend: (Time is in decaauts)
 A = Elapsed time spent in this place.
 B = Non-inter-level travel time spent in this place.
 C = Inter-level travel time spent in this place.
 D = Time resting spent in this place.
 E = Time spent auto-exploring this place.
 F = Levels seen in this place.
 G = Mean time per level.
                   A        B        C        D        E       F      G
               +--------+--------+--------+--------+--------+-----+--------+
         Total |   1619 |   1600 |     19 |      0 |   1185 |   2 |  809.5 |
       Dungeon |   1619 |   1600 |     19 |      0 |   1185 |   2 |  809.5 |
               +--------+--------+--------+--------+--------+-----+--------+

Top non-repeatable levels by time:
     D:1: 1280 daAuts
     D:2: 339 daAuts
